 Dungeon Sprint DCSS version bcrawl-1.19.1 (webtiles) character file.

Game seed: 7193229945620811286

5500000 mahrnol the Miracle Worker (level 27, -14/409 HPs)
             Began as a Djinni Skald on Dec 2, 2019.
             Was the Champion of Makhleb.
             Demolished by The Servant
             ... wielding a +9 glaive of flaming
              (117 damage)
             ... in the Dungeon (Sprint VIII: "Arena of Blood").
             The game lasted 00:02:24 (55 turns).

mahrnol the Miracle Worker (Djinni Skald)             Turns: 55, Time: 00:02:25

Health: -14/409    AC:  6    Str: 22    XL:     27
Magic:  17/64      EV: 34    Int: 17    God:    Makhleb [******]
Gold:   0          SH:  0    Dex: 19    Spells: 79/80 levels left

rFire    + . .     SeeInvis .   c - +∞ Axe of Woe
rCold    . . .     Gourm    .   (shield currently unavailable)
rNeg     . . .     Faith    .   b - +0 leather armour
rPois    .         Spirit   .   (no helmet)
rElec    .         Reflect  .   (no cloak)
rCorr    .         Harm     .   (no gloves)
MR       ++...     Rnd*Rage +   (boots unavailable) Stlth ..........NoTele +
                                (no amulet)
HPRegen  0.78/turn              (no ring)
MPRegen  0.39/turn              (no ring)

@: berserking, flying, very quick
A: never pass out, berserk 2, blink, blurry vision 2, fire resistance 1, hurl
hellfire, high mp 2, wild magic 3, disrupted magic 1, MP-powered wands, floating
a: Hurl Hellfire, Blink, Minor Destruction, Lesser Servant of Makhleb, Major
Destruction, Greater Servant of Makhleb, Renounce Religion


You were in the Dungeon.
You worshipped Makhleb.
Makhleb was exalted by your worship.
You were not hungry.

You visited 1 branch

Inventory:

Hand Weapons
 a - a +0 hand axe
 c - the +∞ Axe of Woe (weapon)
   (You found it in the Dungeon)
Armour
 b - a +0 leather armour (worn)
Scrolls
 d - a scroll of fear
 k - a scroll of blinking
Potions
 e - a potion of curing
 g - a potion of heal wounds
 h - a potion of haste
 i - 2 potions of magic
 j - a potion of berserk rage
Comestibles
 f - a ration {!d}


   Skills:
 O Level 27 Fighting
 O Level 27 Axes
 O Level 27 Throwing
 O Level 27 Armour
 O Level 27 Dodging
 O Level 27 Stealth
 O Level 27 Unarmed Combat
 O Level 27 Spellcasting
 O Level 27 Charms
 O Level 27 Invocations


You had 79 spell levels left.
You knew the following spells:

 Your Spells              Type           Power        Failure   Level  Hunger
a - Infusion              Chrm           ########     1%          1    None

Your spell library contained the following spells:

 Spells                   Type           Power        Failure   Level  Hunger
 Song of Slaying          Chrm           ########     1%          2    None
 Ozocubu's Armour         Chrm/Ice       #######.     2%          3    None
 Regeneration             Chrm/Necr      #######...   2%          3    None
 Spectral Weapon          Hex/Chrm       #######.     2%          3    None


Dungeon Overview and Level Annotations

Branches:
Dungeon (1/1)

Altars:
Makhleb

Annotations:
D The Servant


Innate Abilities, Weirdness & Mutations

You never pass out after going berserk.
You often lose your temper in combat.
You can translocate small distances at will.
Scrolls take you longer to read.
Your flesh is heat resistant. (rF+)
You can hurl hellfire.
You have a considerably increased reservoir of magic. (+20% MP)
Your spells are much harder to cast, but much more powerful.
Your casting is slightly disrupted.
You expend magic power (3 MP) to strengthen your wands.
Your body floats in the air.


Message History

You feel better.
You are engulfed in blazing flames.
You resist.
You hear a shout! x2
The eight-headed meat hydra calls on the powers of darkness!
The eight-headed meat hydra convulses!
The bag of meat convulses! x3
Your body is wracked with pain!
A destroyer comes into view.
It is wielding a +9 great sword of slicing.
The large abomination is engulfed in blazing flames.
You slash the large abomination!
You cleave the large abomination in twain.
You destroy the large abomination!
Makhleb accepts your kill.
You feel better.
You are engulfed in blazing flames.
You resist.
You hear a shout!
The tyrant waves its bony arms in wide circles.
The air twists around and violently strikes you in flight!!!!
* * * LOW HITPOINT WARNING * * *
A destroyer comes into view.
It is wielding a +9 great sword of slicing.
The Servant is engulfed in blazing flames.
The Servant hits you from afar with a +9 glaive of flaming!!!!
You die...

.....#. .........
..z..%. .........
...%... ....%....
#..x... #.......#
..V#o.. #.......#
#%...o°###..%....###.
.....o)○.°))###......
#o)@§@.§.L......
#§%o)○§§#)..%.#.
%...%.o○☼.#_.<._#
.%#.....V.#.....#
...§#.....§.._......
.........Vo.###......
.......###... ..###.
D...... #V..V ..#
#... .#


You could see a tyrant, The Servant, an eight-headed meat hydra, 5 destroyers, a
sculptor of flesh, 7 bags of meat and a crawling corpse.

Vanquished Creatures
  13 vampire knights (D)
  20 ogres (D)
  6 two-headed ogres (D)
  38 orcs (D)
  5 skeletal warriors (D)
  4 large abominations (D)
  6 small abominations (D)
  5 crawling corpses (D)
97 creatures vanquished.

Notes
Turn   | Place    | Note
-------+----------+-------------------------------------------
     0 | D        | Found the +∞ Axe of Woe
     0 | D        | mahrnol the Djinni Skald began the quest for the Orb.
     0 | D        | Reached XP level 1. HP: 17/17 MP: 4/4
     2 | D        | Noticed a meat berserker
     3 | D        | Became a worshipper of Makhleb the Destroyer
     5 | D        | Noticed a meat berserker
     5 | D        | Noticed a meat berserker
     6 | D        | Killed a meat berserker
     6 | D        | Reached XP level 2. HP: 44/44 MP: 4/20
     6 | D        | Reached XP level 3. HP: 50/50 MP: 4/21
     6 | D        | Gained mutation: Your spells are harder to cast, but more
                  | powerful. [Djinni growth]
     6 | D        | Gained mutation: You can translocate small distances at
                  | will. [Djinni growth]
     6 | D        | Reached XP level 4. HP: 58/58 MP: 4/23
     6 | D        | Reached XP level 5. HP: 64/64 MP: 4/24
     6 | D        | Reached XP level 6. HP: 72/72 MP: 4/26
     6 | D        | Reached XP level 7. HP: 79/79 MP: 4/27
     6 | D        | Gained mutation: Your spells are much harder to cast, but
                  | much more powerful. [Djinni growth]
     6 | D        | Reached XP level 8. HP: 86/86 MP: 4/29
     6 | D        | Reached XP level 9. HP: 93/93 MP: 4/30
     6 | D        | Reached XP level 10. HP: 101/101 MP: 4/31
     6 | D        | Reached XP level 11. HP: 107/107 MP: 4/32
     6 | D        | Gained mutation: Your casting is slightly disrupted.
                  | [Djinni growth]
     6 | D        | Gained mutation: Your flesh is heat resistant. (rF+)
                  | [Djinni growth]
     6 | D        | Gained mutation: You have an increased reservoir of magic.
                  | (+10% MP) [Djinni growth]
     6 | D        | Gained mutation: You have a considerably increased
                  | reservoir of magic. (+20% MP) [Djinni growth]
     6 | D        | Reached XP level 12. HP: 115/115 MP: 4/40
     6 | D        | Reached XP level 13. HP: 122/122 MP: 4/41
     6 | D        | Noticed a bag of meat
     6 | D        | Noticed a bag of meat
     6 | D        | Noticed a bag of meat
     7 | D        | Noticed a bag of meat
     7 | D        | Noticed a bag of meat
     7 | D        | Noticed a bag of meat
     8 | D        | Killed a meat berserker
     8 | D        | Reached * piety under Makhleb
     8 | D        | Reached skill level 15 in Fighting
     8 | D        | Reached skill level 15 in Axes
     8 | D        | Reached XP level 14. HP: 54/135 MP: 4/45
     8 | D        | Noticed a bag of meat
     9 | D        | Killed a meat berserker
     9 | D        | Reached XP level 15. HP: 59/147 MP: 5/49
     9 | D        | Noticed a meat berserker
     9 | D        | Noticed a meat berserker
    10 | D        | Reached skill level 15 in Dodging
    10 | D        | Reached skill level 27 in Charms
    11 | D        | Reached ** piety under Makhleb
    11 | D        | Reached skill level 5 in Armour
    11 | D        | Reached XP level 16. HP: 67/165 MP: 5/54
    11 | D        | Noticed a meat berserker
    13 | D        | Reached *** piety under Makhleb
    13 | D        | Reached skill level 27 in Spellcasting
    13 | D        | Reached XP level 17. HP: 178/179 MP: 6/57
    14 | D        | Killed a meat berserker
    14 | D        | Reached **** piety under Makhleb
    14 | D        | Reached skill level 27 in Axes
    14 | D        | Killed a meat berserker
    14 | D        | Reached skill level 27 in Fighting
    14 | D        | Gained mutation: You can hurl hellfire. [Djinni growth]
    14 | D        | Reached XP level 18. HP: 200/200 MP: 6/58
    15 | D        | Noticed a meat berserker
    15 | D        | Noticed a meat berserker
    17 | D        | Killed a meat berserker
    17 | D        | Reached skill level 27 in Dodging
    18 | D        | Killed a meat berserker
    18 | D        | Reached ***** piety under Makhleb
    18 | D        | Reached XP level 19. HP: 207/207 MP: 7/60
    18 | D        | Reached skill level 27 in Armour
    19 | D        | Noticed a destroyer
    19 | D        | Noticed a meat berserker
    20 | D        | Reached skill level 10 in Throwing
    20 | D        | Noticed a meat berserker
    21 | D        | Noticed a meat berserker
    21 | D        | Noticed a meat berserker
    21 | D        | Noticed a meat berserker
    22 | D        | Noticed a large bag of meat
    22 | D        | Noticed a meat berserker
    22 | D        | Noticed a meat berserker
    23 | D        | Killed a meat berserker
    23 | D        | Reached XP level 20. HP: 216/216 MP: 9/61
    23 | D        | Noticed a meat berserker
    24 | D        | Killed a large bag of meat
    24 | D        | Reached skill level 15 in Stealth
    24 | D        | Killed a meat berserker
    24 | D        | Reached XP level 21. HP: 214/224 MP: 9/62
    25 | D        | Noticed a destroyer
    26 | D        | Noticed a large bag of meat
    26 | D        | Reached ****** piety under Makhleb
    26 | D        | Noticed a large bag of meat
    27 | D        | Reached skill level 27 in Invocations
    27 | D        | Reached XP level 22. HP: 233/233 MP: 10/63
    27 | D        | Reached skill level 27 in Unarmed Combat
    28 | D        | Reached skill level 27 in Throwing
    28 | D        | Noticed a large bag of meat
    29 | D        | Reached skill level 27 in Stealth
    29 | D        | Reached XP level 23. HP: 240/240 MP: 10/64
    29 | D        | Noticed a destroyer
    30 | D        | Noticed The Servant
    31 | D        | Killed a destroyer
    31 | D        | Reached XP level 24. HP: 249/249 MP: 11/64
    31 | D        | Noticed a destroyer
    31 | D        | Noticed a destroyer
    32 | D        | Killed a large bag of meat
    32 | D        | Killed a destroyer
    32 | D        | Noticed a destroyer
    32 | D        | Noticed a destroyer
    32 | D        | Noticed a large bag of meat
    33 | D        | Killed a destroyer
    33 | D        | Reached XP level 25. HP: 257/257 MP: 11/64
    35 | D        | Killed a destroyer
    35 | D        | Noticed a large bag of meat
    35 | D        | Noticed a destroyer
    36 | D        | Killed a large bag of meat
    36 | D        | Reached XP level 26. HP: 266/266 MP: 12/64
    36 | D        | Killed a destroyer
    37 | D        | Killed a large bag of meat
    37 | D        | Killed a destroyer
    37 | D        | Reached XP level 27. HP: 273/273 MP: 13/64
    37 | D        | Noticed a destroyer
    38 | D        | Noticed a destroyer
    39 | D        | Killed a large bag of meat
    40 | D        | Noticed a destroyer
    41 | D        | Killed a destroyer
    41 | D        | Noticed a destroyer
    41 | D        | Noticed a destroyer
    42 | D        | Killed a destroyer
    42 | D        | Noticed a destroyer
    42 | D        | Noticed a destroyer
    45 | D        | Killed a destroyer
    45 | D        | Killed a destroyer
    47 | D        | Noticed a destroyer
    49 | D        | Killed a large bag of meat
    50 | D        | Killed a destroyer
    51 | D        | Killed a destroyer
    52 | D        | Killed a destroyer
    54 | D        | Noticed a tyrant
    54 | D        | Noticed a destroyer
    55 | D        | Noticed a destroyer
    55 | D        | Demolished by The Servant

Skill      XL: |  1  2  3  4  5  6  7  8  9 10 11 12 13 14 15 16 17 18 19 20 21 22 |
---------------+-------------------------------------------------------------------+-----
Fighting       | 13 15 17 20 23 27 | 27.0
Axes           | 13 15 17 21 24 27 | 27.0
Armour         | 3 4 6 7 12 25 27 | 27.0
Dodging        | 11 13 14 17 19 26 27 | 27.0
Spellcasting   | 17 20 21 25 27 | 27.0
Charms         | 21 24 26 27 | 27.0
Throwing       | 14 19 24 27 | 27.0
Stealth        | 13 17 22 27 | 27.0
Unarmed Combat | 16 20 25 27 | 27.0
Invocations    | 17 21 27 | 27.0

Action                   |  1- 3 |  4- 6 |  7- 9 | 10-12 | 13-15 | 16-18 | 19-21 | 22-24 | 25-27 || total
-------------------------+-------+-------+-------+-------+-------+-------+-------+-------+-------++-------
Melee: Executioner's axe |     1 |       |       |       |     4 |     5 |     8 |     6 |    22 ||    46
Armor: Leather armour    |       |       |       |       |       |       |       |       |     1 ||     1
Dodge: Dodged            |       |       |       |       |     1 |       |       |       |       ||     1
